 Dungeon Crawl Stone Soup version 0.25.1-9-gc5326a611f (webtiles) character file.

Game seed: 14859194478970103921

58 raceaflais the Ruffian (level 4, -3/35 (37) HPs)
             Began as a Ghoul Gladiator on Dec 29, 2020.
             Slain by an iguana (12 damage)
             ... on level 2 of the Dungeon.
             The game lasted 00:05:18 (1269 turns).

raceaflais the Ruffian (Ghoul Gladiator)            Turns: 1269, Time: 00:05:18

HP:   -3/35 (37)    AC:  4    Str: 18    XL:     4   Next: 2%
MP:   3/3           EV: 12    Int:  3    God:
Gold: 71            SH:  0    Dex: 10    Spells: 3/3 levels left

rFire    . . .     SeeInvis .     - Unarmed
rCold    + . .     Gourm    .   (no shield)
rNeg     + + +     Faith    .   a - +0 leather armour
rPois    ∞         Spirit   .   b - +0 helmet
rElec    .         Reflect  .   (no cloak)
rCorr    .         Harm     .   (no gloves)
MR       .....                  (no boots)
Stlth    +.........             (no amulet)
HPRegen  0.00/turn              (no ring)
MPRegen  0.08/turn              (no ring)

@: rotting
A: rotting body, claws 1, carnivore, cold resistance 1, negative energy
resistance 3, inhibited regeneration, torment resistance, unbreathing
a: no special abilities


You were on level 2 of the Dungeon.
You were not hungry.

You visited 1 branch of the dungeon, and saw 2 of its levels.

You collected 71 gold pieces.

Inventory:

Missiles
 c - 2 throwing nets (quivered)
 f - 12 poisoned darts
 j - 18 arrows
Armour
 a - a +0 leather armour (worn)
 b - a +0 helmet (worn)
 k - a +0 chain mail
Scrolls
 e - 2 scrolls of identify
 h - a scroll of random uselessness
 l - a scroll of teleportation
Potions
 g - a potion of haste
 i - a potion of might
Comestibles
 d - 3 rations


   Skills:
 + Level 2.3 Fighting
 + Level 2.0 Throwing
 + Level 0.6 Armour
 + Level 3.0 Dodging
 + Level 1.0 Stealth
 + Level 4.4 Unarmed Combat


You had 3 spell levels left.
You didn't know any spells.
Your spell library was empty.

Dungeon Overview and Level Annotations

Branches:
Dungeon (2/15)

Altars:


Innate Abilities, Weirdness & Mutations

Your body is rotting away.
You thrive on raw meat.
You are immune to poison.
You have sharp fingernails.
You are carnivorous and can eat meat at any time.
Your flesh is cold resistant. (rC+)
You are immune to negative energy. (rN+++)
You do not regenerate when monsters are visible.
You are immune to unholy pain and torment.
You can survive without breathing.


Message History

You completely miss the iguana.
The iguana bites you but does no damage.
You scratch the iguana.
The iguana is moderately wounded.
The goblin hits you but does no damage.
The iguana bites you but does no damage.
You scratch the iguana but do no damage.
The iguana is moderately wounded.
The goblin hits you but does no damage.
You scratch the iguana but do no damage.
The iguana is moderately wounded.
The iguana bites you. The goblin closely misses you.
You barely miss the iguana.
The iguana is moderately wounded.
The iguana misses you. The goblin hits you with a +0 club.
* * * LOW HITPOINT WARNING * * *
You closely miss the iguana.
The iguana is moderately wounded.
The iguana bites you!
You die...

## ###### #. #
#..... ####.##### .#
#<....
.....(...#+#.#
#.....
.......).....#
#..... ...........#
#..... #.gl.....#
##..... #(.@.....#
#...... #.##'#+#...
#...... # ##.#
#...... #..# #.#'###
#.##########.#.#
###.#..........#.###
#........######....#
#.......†# #....#
#.....(..# #....#


You could see an iguana and a goblin.

Vanquished Creatures
  2 adders (D:2)
  4 dart slugs
  A leopard gecko (D:1)
  3 bats (D:1)
  A giant cockroach (D:2)
  4 goblins (D:1)
  4 hobgoblins (D:1)
  A frilled lizard (D:1)
  5 kobolds
  6 rats
31 creatures vanquished.

Notes
Turn   | Place    | Note
-------+----------+-------------------------------------------
     0 | D:1      | raceaflais the Ghoul Gladiator began the quest for the Orb.
     0 | D:1      | Reached XP level 1. HP: 17/17 MP: 0/0
   176 | D:1      | Reached XP level 2. HP: 24/24 MP: 1/1
   694 | D:1      | Reached XP level 3. HP: 28/28 MP: 2/2
  1010 | D:2      | Reached skill level 4 in Unarmed Combat
  1165 | D:2      | Reached skill level 1 in Stealth
  1169 | D:2      | Reached XP level 4. HP: 21/37 MP: 3/3
  1269 | D:2      | Slain by an iguana

Illustrated notes

Levels and vault maps discovered:
D:1:      dpeg_arrival_refuge, layout_loops_corners, minmay_octomino_e4
D:2:      layout_basic, first_ration

Skill      XL: |  1  2  3 |
---------------+----------+-----
Throwing       | 2 |  2.0
Unarmed Combat | 4 |  4.4
Dodging        | 3 |  3.0
Stealth        | 1 |  1.0
Fighting       | |  2.3
Armour         | |  0.6

Action                   |  1- 3 |  4- 6 || total
-------------------------+-------+-------++-------
Melee: Unarmed           |   109 |     8 ||   117
Throw: Throwing net      |       |     1 ||     1
  Use: Potion            |     3 |       ||     3
       Scroll            |     5 |       ||     5
 Stab: Sleeping          |     2 |       ||     2
  Eat: Chunk             |     2 |       ||     2
Armor: Leather armour    |    31 |     3 ||    34
Dodge: Dodged            |    74 |     3 ||    77
